 Dungeon Crawl Stone Soup version 0.17-a0-1942-g46ae386 (webtiles) character file.

2555 mrath the Cleaver (level 9, -3/75 HPs)
             Began as a Minotaur Fighter on Sept 29, 2015.
             Was an Initiate of Okawaru.
             Killed from afar by a steam dragon (16 damage)
             ... with a ball of steam
             ... on level 7 of the Dungeon on Sept 30, 2015.
             The game lasted 01:02:59 (8048 turns).

mrath the Cleaver (Minotaur Fighter)                Turns: 8048, Time: 01:02:59

Health: -3/75      AC: 19    Str: 30    XL:     9   Next: 31%
Magic:  8/8        EV: 11    Int:  5    God:    Okawaru [......]
Gold:   372        SH: 11    Dex: 13    Spells: 0 memorised, 8 levels left

rFire  . . .     SeeInvis .     r - +1 mace (protect)
rCold  . . .     Clarity  .     M - +0 plate armour
rNeg   . . .     SustAt   .     c - +0 shield
rPois  .         Gourm    .     (helmet restricted)
rElec  .         Spirit   .     (no cloak)
rCorr  .         Warding  .     b - +0 pair of gloves
rMut   .         Stasis   .     (no boots)
MR     .....                    (no amulet)
Stlth  ..........               F - +4 ring of dexterity
                                D - +3 ring of evasion

@: mighty, not resistant to hostile enchantments, extremely unstealthy
A: retaliatory headbutt, horns 2
a: Renounce Religion


You were on level 7 of the Dungeon.
You worshipped Okawaru.
Okawaru was noncommittal.
You were not hungry.

You visited 2 branches of the dungeon, and saw 8 of its levels.

You collected 400 gold pieces.
You spent 28 gold pieces at shops.

Inventory:

Hand weapons
 a - a +0 war axe
 r - a +1 mace of protection (weapon)
 s - a +0 blowgun
 I - a +2 whip of electrocution
Missiles
 f - 156 stones (quivered)
 j - 6 exploding tomahawks
 w - 23 poisoned needles
 H - 5 tomahawks
Armour
 b - a +0 pair of gloves (worn)
 c - a +0 shield (worn)
 M - a +0 plate armour (worn)
Jewellery
 B - the ring "Qiebrem" {+/*Tele Str+3 Dex+2}
   (You took it off an orc wizard on level 6 of the Dungeon)

   [ring of teleportation]

   It may teleport you to nearby monsters, and can be evoked to randomly
   teleport.
   It affects your strength (+3).
   It affects your dexterity (+2).
 D - a +3 ring of evasion (left hand)
 F - a +4 ring of dexterity (right hand)
Magical devices
 i - a wand of frost (33)
 K - a wand of random effects (11)
Scrolls
 g - a scroll of magic mapping {unknown}
 h - 2 scrolls of remove curse
 l - a scroll of enchant armour {unknown}
 m - 2 scrolls of identify
 o - a scroll of noise {unknown}
 t - a scroll of fear {unknown}
 u - a scroll of random uselessness {unknown}
 y - 3 scrolls of enchant weapon {unknown}
 C - a scroll of fog {unknown}
 J - a scroll of immolation {unknown}
 L - a scroll of teleportation {unknown}
 O - a scroll of blinking {unknown}
Potions
 k - 2 potions of cure mutation
 p - a potion of haste {unknown}
 v - a potion of brilliance {unknown}
 x - a potion of cancellation {unknown}
 z - a potion of poison {unknown}
 A - a potion of ambrosia {unknown}
 G - 2 potions of curing {unknown}
Comestibles
 e - 4 bread rations
 n - 3 chunks of flesh
 q - 3 fruits
 N - a slice of pizza


   Skills:
 + Level 6.0 Fighting
 + Level 11.1 Axes
 + Level 6.4 Armour
 + Level 4.6 Dodging
 + Level 6.4 Shields


You had 8 spell levels left.
You didn't know any spells.

Dungeon Overview and Level Annotations

Branches:
Dungeon (7/15)             Temple (1/1) D:6

Altars:
Ashenzari
Dithmenos
Fedhas
Gozag
Makhleb
Nemelex Xobeh
Okawaru
Qazlal
Ru
Sif Muna
Trog
Xom
Yredelemnul
The Shining One

Shops:
D:4 ?


Innate Abilities, Weirdness & Mutations

You reflexively headbutt those who attack you in melee.
You have a pair of horns on your head.


Message History

* * * LOW HITPOINT WARNING * * *
Drink which item? (? for menu, Esc to quit)
You feel very mighty all of a sudden.
You are engulfed in a cloud of scalding steam.
The steam dragon bites you.
* * * LOW HITPOINT WARNING * * *
You block the steam dragon's attack. x2
The steam dragon claws you but does no damage.
You hit the steam dragon.
The steam dragon is heavily wounded.
You are engulfed in a cloud of scalding steam.
* * * LOW HITPOINT WARNING * * *
You block the steam dragon's attack. The steam dragon completely misses you.
You block the steam dragon's attack. x2
You thump the steam dragon! Your headbutt misses the steam dragon.
The steam dragon is severely wounded.
You are engulfed in a cloud of scalding steam.
The steam dragon breathes steam at you. The ball of steam hits you!
You die...

#.....<÷.... #...######'#
#...#.#....+ ##
#...'.#....# P≈^
+..####....# P≈≈≈
########≈P...###
...≈^#########.P≈.≈.P≈P...#
...P.P≈≈P≈PD≈.............+
...........D@.≈.≈.PPP≈P...#
...P.P.P≈P[#######P≈.≈P...#
.P^≈≈####### ###.≈≈...#
#≈≈# ######.# ## ..# #.+
#.# #.#


You could see 2 steam dragons.

Vanquished Creatures
  Pikel (D:5)
  Grinder (D:5)
  Sigmund (D:5)
  2 sky beasts
  2 ogres
  A giant frog (D:7)
  2 scorpions
  3 wights (D:6)
  A centaur zombie (D:6)
  5 orc priests
  3 hounds
  A gnoll shaman (D:6)
  3 giant frog skeletons
  8 orc wizards
  A centaur skeleton (D:4)
  An iguana (D:4)
  2 worker ants
  A hound zombie (D:6)
  A hound skeleton (D:4)
  15 gnolls
  7 adders
  2 shadow imps
  An ooze (D:5)
  3 worms
  5 giant geckos
  21 orcs
  3 bats (D:1)
  5 giant cockroaches
  8 goblins
  3 hobgoblins
  4 jackals (D:4)
  3 quokkas
  2 ball pythons
  2 giant gecko skeletons
  4 giant newts
  6 kobolds
  A quokka skeleton (D:4)
  2 rats (D:1)
137 creatures vanquished.

Vanquished Creatures (others)
  2 slaves (D:5)
  A sky beast (D:5)
  A worker ant (D:5)
  A giant newt (D:5)
5 creatures vanquished.

Grand Total: 142 creatures vanquished

Notes
Turn   | Place    | Note
--------------------------------------------------------------
     0 | D:1      | mrath the Minotaur Fighter began the quest for the Orb.
     0 | D:1      | Reached XP level 1. HP: 19/19 MP: 0/0
   283 | D:1      | Reached XP level 2. HP: 19/26 MP: 1/1
   638 | D:1      | Reached skill level 4 in Axes
   640 | D:1      | Reached XP level 3. HP: 9/31 MP: 2/2
  2364 | D:2      | Reached skill level 5 in Axes
  2439 | D:3      | Found a shadowy altar of Dithmenos.
  2448 | D:3      | Reached XP level 4. HP: 39/39 MP: 3/3
  2503 | D:3      | Reached skill level 6 in Axes
  2833 | D:3      | Reached XP level 5. HP: 43/45 MP: 4/4
  2894 | D:3      | Reached skill level 7 in Axes
  3460 | D:3      | Found a blossoming altar of Fedhas.
  3877 | D:4      | Reached XP level 6. HP: 51/51 MP: 5/5
  3929 | D:4      | Found a sacrificial altar of Ru.
  4340 | D:4      | Reached skill level 8 in Axes
  4786 | D:4      | Found Tywa's Magic Scroll Shop.
  4797 | D:4      | Bought a scroll of identify for 28 gold pieces
  4909 | D:4      | Noticed an ogre
  4919 | D:4      | Killed an ogre
  4919 | D:4      | Reached skill level 9 in Axes
  5017 | D:4      | Found an opulent altar of Gozag.
  5143 | D:5      | Entered Level 5 of the Dungeon
  5187 | D:5      | Noticed Sigmund
  5199 | D:5      | Killed Sigmund
  5199 | D:5      | Reached XP level 7. HP: 46/57 MP: 6/6
  5400 | D:5      | Reached skill level 10 in Axes
  5770 | D:5      | Found a sparkling altar of Nemelex Xobeh.
  5785 | D:5      | Reached skill level 1 in Dodging
  5944 | D:5      | Noticed Grinder
  5960 | D:5      | Killed Grinder
  5960 | D:5      | Reached XP level 8. HP: 41/67 MP: 7/7
  6237 | D:5      | Noticed Pikel
  6248 | D:5      | Killed Pikel
  6248 | D:5      | Reached skill level 5 in Fighting
  6248 | D:5      | Reached skill level 5 in Armour
  6248 | D:5      | Reached skill level 5 in Shields
  6544 | D:5      | Found a sparkling altar of Nemelex Xobeh.
  6875 | D:6      | Reached XP level 9. HP: 66/74 MP: 8/8
  7082 | D:6      | Found a staircase to the Ecumenical Temple.
  7089 | Temple   | Entered the Ecumenical Temple
  7102 | Temple   | Became a worshipper of Warmaster Okawaru
  7121 | D:6      | Reached skill level 11 in Axes
  7388 | D:6      | Got a crude turquoise ring
  7911 | D:6      | Identified the ring "Qiebrem" {+/*Tele Str+3 Dex+2} (You took it off an orc wizard on level 6 of the Dungeon)
  7912 | D:6      | Upgraded the game from 0.17-a0-1939-ga475588 to 0.17-a0-1942-g46ae386
  8048 | D:7      | Killed from afar by a steam dragon

Vault maps used:
D:1:      elethiomel_arrival_maze
D:3:      fedhas_altar_2, grunt_dithmenos_smoke
D:4:      kennysheep_little_box, serial_shops, shop,
          nicolae_ru_sacrificial_ziggurat
D:5:      first_bread, basic_altar, minmay_misc_feat_ornament,
          nemelex_dance_club_becter, uniq_grinder, uniq_pikel, uniq_sigmund
D:6:      minmay_temple_entry_trees
D:7:      kennysheep_steamy, the_bakery
Temple:   circular_temple_12

Action                   |  1- 3 |  4- 6 |  7- 9 || total
-------------------------+-------+-------+-------++-------
Melee: War axe           |    88 |   129 |   194 ||   411
       Mace              |       |       |     5 ||     5
 Fire: Blowgun           |       |       |    14 ||    14
Throw: Stone             |    13 |     8 |    15 ||    36
  Use: Scroll            |       |     3 |     2 ||     5
       Potion            |       |     1 |     2 ||     3
  Eat: Bread ration      |     1 |     1 |     1 ||     3
       Chunk             |     1 |       |     2 ||     3
       Beef jerky        |       |     1 |       ||     1
       Meat ration       |       |     1 |       ||     1
